 Dungeon Crawl Stone Soup version 0.23.2-40-g277498a001 (webtiles) character file.

Game seed: 9026693680408712021

12649 MsStandart the Severer (level 11, -4/105 HPs)
             Began as a Hill Orc Berserker on Oct 3, 2019.
             Was a High Priest of Trog.
             Slain by a ten-headed hydra (7 damage)
             ... on level 2 of the Lair of Beasts on Oct 6, 2019.
             The game lasted 01:01:45 (11290 turns).

MsStandart the Severer (Hill Orc Berserker)        Turns: 11290, Time: 01:01:47

Health: -4/105     AC: 25    Str: 24    XL:     11   Next: 96%
Magic:  11/11      EV:  7    Int:  7    God:    Trog [*****.]
Gold:   630        SH:  0    Dex: 15    Spells: 10/10 levels left

rFire    . . .     SeeInvis .   u - +0 battleaxe
rCold    . . .     Gourm    .   (shield currently unavailable)
rNeg     . . .     Faith    +   a - +4 plate armour
rPois    +         Spirit   .   v - +0 helmet
rElec    .         Reflect  .   t - +0 cloak
rCorr    .         Harm     .   R - +0 pair of gloves of Protective Custody {Dex+5}
MR       .....                  m - +1 pair of boots
Stlth    ..........             D - amulet of faith
HPRegen  0.27/turn              q - ring of poison resistance
MPRegen  0.12/turn              A - +5 ring of protection

@: about to teleport
A: no striking features
a: Berserk, Trog's Hand, Brothers in Arms, Renounce Religion


You were on level 2 of the Lair of Beasts.
You worshipped Trog.
Trog was extremely pleased with you.
You were not hungry.

You visited 3 branches of the dungeon, and saw 12 of its levels.
You also visited: Sewer.

You collected 630 gold pieces.

Inventory:

Hand Weapons
 u - a +0 battleaxe (weapon)
Armour
 a - a +4 plate armour (worn)
 m - a +1 pair of boots (worn)
 t - a +0 cloak (worn)
 v - a +0 helmet (worn)
 I - a +1 scale mail of fire resistance
 L - a +0 scale mail of magic resistance
 R - the +0 pair of gloves of Protective Custody (worn) {Dex+5}
   (You found it on level 1 of the Lair of Beasts)

   It affects your dexterity (+5).
Magical Staves
 P - an uncursed staff of death
Jewellery
 p - an uncursed ring of flight
 q - a ring of poison resistance (left hand)
 A - a +5 ring of protection (right hand)
 D - an amulet of faith (around neck)
Wands
 w - a wand of paralysis (24)
 M - a wand of flame (31)
 Q - a wand of acid (7)
Scrolls
 f - 3 scrolls of fog {unknown}
 i - 6 scrolls of teleportation
 l - 2 scrolls of immolation {unknown}
 n - 4 scrolls of amnesia {unknown}
 o - 3 scrolls of fear {unknown}
 r - 2 scrolls of random uselessness {unknown}
 s - a scroll of remove curse
 z - 2 scrolls of enchant armour
 B - 3 scrolls of blinking
 J - a scroll of identify
 K - a scroll of acquirement {unknown}
Potions
 b - a potion of magic {unknown}
 d - a potion of resistance {unknown}
 e - 2 potions of agility {unknown}
 g - a potion of haste {unknown}
 h - 6 potions of curing
 j - 2 potions of berserk rage {unknown}
 k - 3 potions of lignification {unknown}
 x - 2 potions of mutation {unknown}
 C - 2 potions of heal wounds {unknown}
 E - 2 potions of ambrosia {unknown}
 F - a potion of brilliance {unknown}
 H - a potion of cancellation {unknown}
 N - a potion of flight {unknown}
Comestibles
 c - 15 rations


   Skills:
 * Level 12.5 Fighting
 * Level 18.8 Axes
 - Level 2.1 Armour
 - Level 1.5 Dodging
 + Level 1.0 Stealth


You had 10 spell levels left.
You didn't know any spells.
Your spell library was empty.

Dungeon Overview and Level Annotations

Branches:
Dungeon (9/15)             Temple (1/1) D:6            Lair (2/6) D:9
  Swamp: Lair:2-4    Shoals: Lair:2-4     Snake: Lair:2-4    Spider: Lair:2-4
    Orc: D:9-12

Altars:
Ashenzari
Cheibriados
Dithmenos
Elyvilon
Fedhas
Gozag
Hepliaklqana
Kikubaaqudgha
Makhleb
Nemelex Xobeh
Okawaru
Qazlal
Ru
Sif Muna
Trog
Uskayaw
Vehumet
Wu Jian
Xom
Yredelemnul
Zin
The Shining One

Shops:
D:9 =

Annotations:
Lair:1 Curus's ghost, novice MfGl


Message History

* * * LOW HITPOINT WARNING * * *
The ten-headed hydra bites you but does no damage.
The ten-headed hydra bites you.
* * * LOW HITPOINT WARNING * * *
The ten-headed hydra bites you but does no damage.
The ten-headed hydra bites you.
* * * LOW HITPOINT WARNING * * *
The ten-headed hydra bites you.
* * * LOW HITPOINT WARNING * * *
The ten-headed hydra closely misses you.
The ten-headed hydra barely misses you.
The ten-headed hydra bites you but does no damage.
As you read the scroll of teleportation, it crumbles to dust.
You feel strangely unstable. The ten-headed hydra bites you!
* * * LOW HITPOINT WARNING * * *
The ten-headed hydra bites you.
* * * LOW HITPOINT WARNING * * *
The ten-headed hydra bites you but does no damage.
The ten-headed hydra bites you!
You die...

...###......#########......#
#. ... #......# #......# #.
... ####+.#.# #......# ##
... ..### #......# ## #..
#####[.# .#.# #### .#+.. ##
.....$####### ### #.
......D@..#P#####.# ##.
.....?##.(.....#.## #..
..... ###.....>.### ##. ....
##..#.#...###.. ...
###..#......+. .#
####.P.#P##. #######.# ##


You could see a ten-headed hydra.

Vanquished Creatures
  Erica (Lair:1)
  2 two-headed ogres
  Nergalle (Lair:1)
  The ghost of Curus the Martial Artist, a novice DsGl of Okawaru (D:7)
  An ugly thing (D:6)
  An elephant (D:9)
  3 black mambas
  2 spiny frogs
  A komodo dragon (Lair:1)
  2 hippogriffs
  5 yaks (D:7)
  A wyvern (Lair:2)
  2 basilisks
  Eustachio (D:6)
  A steam dragon (D:7)
  A porcupine (Lair:1)
  4 water moccasins
  An ice beast (D:9)
  A necrophage (D:9)
  2 orc warriors
  A sky beast (D:6)
  4 ogres
  A centaur (D:8)
  11 wolves
  3 phantoms
  3 crocodiles
  4 bullfrogs
  6 big kobolds (Sewer)
  A water moccasin skeleton (D:6)
  6 scorpions
  3 killer bees (D:8)
  A wight (D:6)
  3 howler monkeys
  3 crimson imps
  A centaur zombie (D:6)
  3 jellies
  4 orc priests
  A gnoll shaman (D:6)
  3 hounds
  3 orc wizards
  3 bullfrog skeletons
  4 iguanas
  5 worker ants
  2 killer bee zombies
  A howler monkey zombie (D:6)
  A worker ant zombie (D:6)
  14 adders
  12 gnolls
  2 river rats (Sewer)
  3 shadow imps
  2 oozes (Sewer)
  An adder zombie (D:8)
  3 adder skeletons
  6 worms
  A dart slug (D:1)
  3 leopard geckos
  21 orcs
  12 giant cockroaches
  6 goblins
  6 hobgoblins
  14 jackals
  7 quokkas
  8 ball pythons
  5 bats
  5 frilled lizards
  8 kobolds
  11 rats
  A plant (Lair:2)
266 creatures vanquished.

Vanquished Creatures (others)
  A fungus (D:9)
  A plant (D:9)
2 creatures vanquished.

Grand Total: 268 creatures vanquished

Notes
Turn   | Place    | Note
-------+----------+-------------------------------------------
     0 | D:1      | MsStandart the Hill Orc Berserker began the quest for the
                  | Orb.
     0 | D:1      | Reached XP level 1. HP: 19/19 MP: 1/1
   291 | D:1      | Reached XP level 2. HP: 26/27 MP: 2/2
   970 | D:1      | Reached XP level 3. HP: 34/34 MP: 3/3
  1658 | D:2      | Reached skill level 5 in Axes
  1873 | D:2      | Reached XP level 4. HP: 41/41 MP: 4/4
  1879 | D:2      | Reached ** piety under Trog
  1983 | D:2      | Reached skill level 5 in Fighting
  2800 | D:3      | Found a faded altar of an unknown god.
  2870 | D:3      | Reached XP level 5. HP: 42/48 MP: 5/5
  2876 | D:3      | Reached skill level 6 in Axes
  3458 | D:4      | Reached XP level 6. HP: 51/57 MP: 6/6
  3472 | D:4      | Noticed a phantom
  3487 | D:4      | Reached skill level 7 in Axes
  3505 | D:4      | Killed a phantom
  3505 | D:4      | Reached skill level 1 in Stealth
  3555 | D:4      | Reached *** piety under Trog
  3614 | D:4      | Reached XP level 7. HP: 62/64 MP: 7/7
  3753 | D:4      | Found a glowing drain.
  3777 | Sewer    | Entered a sewer
  3803 | Sewer    | Reached skill level 8 in Axes
  4123 | Sewer    | Reached skill level 9 in Axes
  4211 | Sewer    | Reached XP level 8. HP: 47/73 MP: 8/8
  4313 | Sewer    | Reached skill level 10 in Axes
  4529 | D:5      | Entered Level 5 of the Dungeon
  4570 | D:5      | Found a shattered altar of Ashenzari.
  4665 | D:5      | Reached **** piety under Trog
  4709 | D:5      | Reached skill level 11 in Axes
  5640 | D:6      | Reached skill level 12 in Axes
  5700 | D:6      | Reached XP level 9. HP: 82/82 MP: 9/9
  5786 | D:6      | Found a staircase to the Ecumenical Temple.
  5819 | Temple   | Entered the Ecumenical Temple
  6193 | D:6      | Reached ***** piety under Trog
  6289 | D:6      | Reached skill level 13 in Axes
  6319 | D:6      | Noticed a cyan ugly thing
  6330 | D:6      | Killed a cyan ugly thing
  6539 | D:6      | Noticed Eustachio
  6564 | D:6      | Killed Eustachio
  6564 | D:6      | Reached skill level 14 in Axes
  7000 | D:7      | Reached XP level 10. HP: 92/92 MP: 10/10
  7007 | D:7      | Reached skill level 15 in Axes
  7031 | D:7      | Found a runed translucent gate.
  7031 | D:7      | Found a runed translucent gate.
  7031 | D:7      | Found a runed translucent gate.
  7035 | D:7      | Noticed Curus's ghost (novice DsGl)
  7053 | D:7      | Killed Curus's ghost
  7053 | D:7      | Reached skill level 10 in Fighting
  7494 | D:7      | Noticed a two-headed ogre
  7507 | D:7      | Killed a two-headed ogre
  7507 | D:7      | Reached skill level 16 in Axes
  8917 | D:9      | Noticed a two-headed ogre
  8922 | D:9      | Killed a two-headed ogre
  8922 | D:9      | Reached XP level 11. HP: 75/102 MP: 11/11
  9057 | D:9      | Found Bilosydit's Jewellery Boutique.
  9121 | D:9      | Reached skill level 17 in Axes
  9164 | D:9      | Found a staircase to the Lair.
  9279 | Lair:1   | Entered Level 1 of the Lair of Beasts
  9550 | Lair:1   | You fall through a shaft!
  9859 | Lair:1   | Noticed Nergalle
  9871 | Lair:1   | Noticed Erica
  9874 | Lair:1   | Killed Nergalle
  9874 | Lair:1   | Reached skill level 18 in Axes
  9880 | Lair:1   | Killed Erica
  9937 | Lair:1   | Found a runed translucent door.
  9937 | Lair:1   | Found a shimmering altar of Xom.
  9937 | Lair:1   | Noticed a +3 halberd of chaos
  9937 | Lair:1   | Noticed Curus's ghost (novice MfGl)
 10789 | Lair:1   | Got a pair of ancient gloves
 10837 | Lair:2   | Identified the +0 pair of gloves of Protective Custody
                  | {Dex+5} (You found it on level 1 of the Lair of Beasts)
 11278 | Lair:2   | Noticed a six-headed hydra
 11290 | Lair:2   | HP: 4/105 [ten-headed hydra (11)]
 11290 | Lair:2   | Slain by a ten-headed hydra

Skill      XL: |  1  2  3  4  5  6  7  8  9 10 11 |
---------------+----------------------------------+-----
Fighting       | 4 5 6 7 8 9 11 12 | 12.5
Axes           | 5 6 7 9 12 14 16 18 | 18.8
Stealth        | 1 |  1.0
Armour         | |  2.1
Dodging        | |  1.5

Action                   |  1- 3 |  4- 6 |  7- 9 | 10-12 || total
-------------------------+-------+-------+-------+-------++-------
Melee: Hand axe          |   114 |   187 |       |       ||   301
       War axe           |       |     5 |   257 |       ||   262
       Battleaxe         |       |       |   199 |   305 ||   504
Invok: Berserk           |       |     2 |     5 |     2 ||     9
  Use: Scroll            |     5 |     1 |     3 |     5 ||    14
       Potion            |       |       |       |     1 ||     1
 Stab: Sleeping          |       |     1 |       |       ||     1
  Eat: Chunk             |     3 |     8 |    14 |     7 ||    32
       Ration            |       |       |     1 |     2 ||     3
Armor: Animal skin       |    26 |    11 |       |       ||    37
       Robe              |       |    11 |       |       ||    11
       Ring mail         |       |    41 |    70 |       ||   111
       Chain mail        |       |       |    42 |       ||    42
       Plate armour      |       |       |    76 |   211 ||   287
Dodge: Dodged            |    58 |   108 |   163 |   113 ||   442
